 Dungeon Crawl Stone Soup version 0.23-a0-305-g7ffd15e (webtiles) character file.

5038 Amnesiac the Zephyrmancer (level 10, -9/63 HPs)
             Began as a Mummy Air Elementalist on Oct 9, 2018.
             Was a High Priest of Dithmenos.
             Mangled by a two-headed ogre
             ... wielding a +0 giant spiked club
              (13 damage)
             ... on level 9 of the Dungeon on Oct 10, 2018.
             The game lasted 00:28:18 (10898 turns).

Amnesiac the Zephyrmancer (Mummy Air Elementalist) Turns: 10898, Time: 00:28:19

Health: -9/63      AC: 10    Str: 11    XL:     10   Next: 30%
Magic:  9/24       EV: 11    Int: 18    God:    Dithmenos [*****.]
Gold:   400        SH:  2    Dex: 13    Spells: 18/30 levels left

rFire    + . .     SeeInvis .   u - +0 scimitar (flame)
rCold    + + .     Gourm    .   (no shield)
rNeg     + + +     Faith    .   s - +3 leather armour
rPois    ∞         Spirit   .   v - +0 helmet
rElec    .         Reflect  +   d - scarf {rC+ rF+}
rCorr    .         Harm     .   (no gloves)
MR       +....                  r - +2 pair of boots
Stlth    ++........             q - +2 amulet of reflection
HPRegen  0.20/turn              w - +4 ring of slaying
MPRegen  0.19/turn              n - ring of protection from fire

@: wreathed by umbra
A: no food or potions, fire vulnerability, cold resistance 1, negative energy
resistance 3, torment resistance, unbreathing
a: Shadow Step, Shadow Form, Renounce Religion


You were on level 9 of the Dungeon.
You worshipped Dithmenos.
Dithmenos was extremely pleased with you.
You were not hungry.

You visited 2 branches of the dungeon, and saw 10 of its levels.
You also visited: Sewer.

You collected 475 gold pieces.
You spent 75 gold pieces at shops.

Inventory:

Hand Weapons
 b - a +1 blowgun
 u - a +0 scimitar of flaming (weapon)
Missiles
 e - 31 poisoned needles
Armour
 a - a +0 shield
 c - a +2 pair of boots (quivered)
 d - a scarf of resistance (worn)
 m - a +0 robe
 r - a +2 pair of boots (worn)
 s - a +3 leather armour (worn)
 v - a +0 helmet (worn)
Jewellery
 g - a +1 ring of protection
 j - a +4 ring of strength
 n - a ring of protection from fire (right hand)
 q - a +2 amulet of reflection (around neck)
 w - a +4 ring of slaying (left hand)
Wands
 o - a wand of polymorph (30)
 x - a wand of flame (24)
Scrolls
 f - 8 scrolls of remove curse {!r}
 h - 4 scrolls of fear {!r}
 i - 3 scrolls of teleportation {!r}
 k - 3 scrolls of blinking {!r}
 l - a scroll of vulnerability {!r}
 p - 4 scrolls of enchant weapon {!r}
 t - 3 scrolls of magic mapping {!r}


   Skills:
 - Level 1.5 Dodging
 - Level 1.5 Stealth
 + Level 10.7 Spellcasting
 - Level 0.7 Conjurations
 * Level 10.7 Air Magic


You had 18 spell levels left.
You knew the following spells:

 Your Spells              Type           Power        Failure   Level  Hunger
a - Shock                 Conj/Air       ####         1%          1    N/A
b - Lightning Bolt        Conj/Air       ####......   26%         5    N/A
d - Airstrike             Air            #####.....   1%          4    N/A
z - Swiftness             Chrm/Air       ####....     1%          2    N/A

Your spell library contained the following spells:

 Spells                   Type           Power        Failure   Level  Hunger
 Static Discharge         Conj/Air       ####....     2%          3    N/A
 Magic Dart               Conj           ##..         8%          1    N/A
 Corona                   Hex            #......      10%         1    N/A
 Searing Ray              Conj           ##....       11%         2    N/A
 Ensorcelled Hibernation  Hex/Ice        #.....       14%         2    N/A
 Dazzling Spray           Conj/Hex       ##....       26%         3    N/A
 Confuse                  Hex            #.......     28%         3    N/A
 Tukima's Dance           Hex            #.......     28%         3    N/A
 Iskenderun's Mystic Bla  Conj           ##......     58%         4    N/A
 Force Lance              Conj/Tloc      ##......     63%         4    N/A
 Fulminant Prism          Conj/Hex       ##........   63%         4    N/A

Dungeon Overview and Level Annotations

Branches:
Dungeon (9/15)             Temple (1/1) D:5
   Lair: D:8-11         Orc: D:9-12

Altars:
Ashenzari
Cheibriados
Dithmenos
Elyvilon
Fedhas
Gozag
Hepliaklqana
Kikubaaqudgha
Makhleb
Nemelex Xobeh
Okawaru
Ru
Sif Muna
Trog
Uskayaw
Vehumet
Wu Jian
Xom
Yredelemnul
Zin

Shops:
D:7 =


Innate Abilities, Weirdness & Mutations

You do not eat or drink.
Your flesh is vulnerable to fire.
You are immune to poison.
Your flesh is cold resistant. (rC+)
You are immune to negative energy. (rN+++)
You are immune to unholy pain and torment.
You can survive without breathing.


Message History

Aim: a black bear (severely wounded, umbra)
The zap hits the black bear.
You kill the black bear!
Dithmenos accepts your kill.
Casting: Shock (safe; 1% risk of failure)
Confirm with . or Enter, or press ? or * to list all spells.
Aiming: Shock (safe; 1% risk of failure)
Press: ? - help, Shift-Dir - straight line, f - two-headed ogre
Aim: a two-headed ogre, wielding a giant spiked club and a giant club (umbra)
The zap hits the two-headed ogre.
The two-headed ogre is lightly wounded.
The two-headed ogre misses you.
The two-headed ogre hits you with a giant club.
Casting: Shock (safe; 1% risk of failure)
Confirm with . or Enter, or press ? or * to list all spells.
Aiming: Shock (safe; 1% risk of failure)
Press: ? - help, Shift-Dir - straight line, f/p - two-headed ogre
Aim: a two-headed ogre, wielding a giant spiked club and a giant club (lightly The zap hits the two-headed ogre.
The two-headed ogre is lightly wounded.
The two-headed ogre hits you with a giant spiked club!
The two-headed ogre barely misses you.
Casting: Shock (safe; 1% risk of failure)
Confirm with . or Enter, or press ? or * to list all spells.
Aiming: Shock (safe; 1% risk of failure)
Press: ? - help, Shift-Dir - straight line, f/p - two-headed ogre
Aim: a two-headed ogre, wielding a giant spiked club and a giant club (lightly The zap hits the two-headed ogre.
The two-headed ogre is moderately wounded.
Your shadow mimicks your spell!
The shadow bolt hits the two-headed ogre.
The two-headed ogre barely misses you.
You riposte.
You hit the two-headed ogre but do no damage.
The two-headed ogre is heavily wounded.
The two-headed ogre hits you but does no damage.
Casting: Shock (safe; 1% risk of failure)
Confirm with . or Enter, or press ? or * to list all spells.
Aiming: Shock (safe; 1% risk of failure)
Press: ? - help, Shift-Dir - straight line, f/p - two-headed ogre
Aim: a two-headed ogre, wielding a giant spiked club and a giant club (heavily The zap hits the two-headed ogre.
The two-headed ogre is severely wounded.
Casting: Shock (safe; 1% risk of failure)
Confirm with . or Enter, or press ? or * to list all spells.
Aiming: Shock (safe; 1% risk of failure)
Press: ? - help, Shift-Dir - straight line, f/p - two-headed ogre
Aim: a two-headed ogre, wielding a giant spiked club and a giant club (severely The zap hits the two-headed ogre.
The two-headed ogre is severely wounded.
The two-headed ogre hits you with a giant spiked club!
* * * LOW HITPOINT WARNING * * *
The two-headed ogre hits you with a giant club!
* * * LOW HITPOINT WARNING * * *
Casting: Shock (safe; 1% risk of failure)
Confirm with . or Enter, or press ? or * to list all spells.
Aiming: Shock (safe; 1% risk of failure)
Press: ? - help, Shift-Dir - straight line, f/p - two-headed ogre
Aim: a two-headed ogre, wielding a giant spiked club and a giant club (severely The zap hits the two-headed ogre.
The two-headed ogre is severely wounded.
The two-headed ogre hits you with a giant spiked club!!
* * * LOW HITPOINT WARNING * * *
The two-headed ogre hits you with a giant club!
You die...

. +.#.# .. ..#.# ...
#####....# ....
#........# .....
#........#
......#####........#
....)..(<...O†.....#
.......##..)@....#
.................#
.................#
.......###..###..##.
.o..... .>.. ..#>.
)...... ##..## .##.
....#.. #..# ##8 #.
...#


You could see a two-headed ogre.

Vanquished Creatures
  A centaur warrior (D:8)
  Erica (D:8)
  A hippogriff (D:8)
  4 orc warriors
  Duvessa (D:7)
  4 sky beasts
  2 ice beasts
  2 black bears
  3 ogres
  A big kobold (D:7)
  4 bullfrogs
  Dowan (D:7)
  A scorpion (D:8)
  A water moccasin skeleton (D:7)
  9 killer bees (D:8)
  5 wights (D:8)
  A howler monkey (D:6)
  2 vampire bats (D:3)
  A bullfrog skeleton (D:8)
  A jelly (D:1)
  8 orc priests
  A centaur skeleton (D:6)
  7 orc wizards
  4 iguanas
  6 worker ants
  3 hound skeletons
  A worker ant zombie (D:3)
  6 river rats (Sewer)
  3 adders
  2 oozes
  An adder skeleton (D:7)
  2 worms
  2 dart slugs
  6 leopard geckos
  38 orcs
  15 bats
  17 giant cockroaches
  5 goblins
  9 hobgoblins
  19 jackals
  4 quokkas
  8 ball pythons
  7 frilled lizards
  A giant cockroach zombie (D:3)
  4 jackal skeletons
  31 kobolds
  A quokka zombie (D:3)
  20 rats
277 creatures vanquished.

Notes
Turn   | Place    | Note
-------+----------+-------------------------------------------
     0 | D:1      | Amnesiac the Mummy Air Elementalist began the quest for the
                  | Orb.
     0 | D:1      | Reached XP level 1. HP: 13/13 MP: 4/4
   238 | D:1      | Reached XP level 2. HP: 16/19 MP: 3/5
   242 | D:1      | Learned a level 2 spell: Swiftness
   301 | D:1      | Reached XP level 3. HP: 13/24 MP: 0/7
   959 | D:4      | Reached XP level 4. HP: 30/30 MP: 5/9
   965 | D:4      | Learned a level 4 spell: Airstrike
  1240 | D:4      | Reached XP level 5. HP: 35/35 MP: 8/11
  1907 | D:4      | Noticed a black bear
  1954 | D:5      | Entered Level 5 of the Dungeon
  1954 | D:5      | Found a staircase to the Ecumenical Temple.
  1984 | Temple   | Entered the Ecumenical Temple
  2073 | Temple   | Became a worshipper of Dithmenos the Shadowed
  2337 | D:5      | Found a glowing drain.
  2431 | Sewer    | Entered a sewer
  2813 | Sewer    | Reached * piety under Dithmenos
  3338 | Sewer    | Reached XP level 6. HP: 37/41 MP: 7/13
  3683 | D:5      | Reached ** piety under Dithmenos
  3698 | D:5      | Reached skill level 5 in Air Magic
  3841 | D:5      | Found a basalt altar of Yredelemnul.
  3851 | D:5      | Reached skill level 5 in Spellcasting
  3944 | D:5      | Found an iron altar of Okawaru.
  4047 | D:6      | Noticed a sky beast
  4072 | D:6      | Killed a sky beast
  4240 | D:6      | Reached XP level 7. HP: 32/46 MP: 9/15
  4289 | D:6      | Learned a level 5 spell: Lightning Bolt
  5355 | D:5      | You fall through a shaft for 3 floors!
  5372 | D:8      | Reached XP level 8. HP: 52/52 MP: 2/18
  5669 | D:8      | Noticed a hippogriff
  6050 | D:7      | Reached *** piety under Dithmenos
  6790 | D:6      | Found a snail-covered altar of Cheibriados.
  6796 | D:6      | Reached XP level 9. HP: 57/57 MP: 8/21
  7418 | D:1      | Reached **** piety under Dithmenos
  9101 | D:7      | Noticed Dowan
  9105 | D:7      | Noticed Duvessa
  9109 | D:7      | Killed Dowan
  9224 | D:7      | Killed Duvessa
  9244 | D:7      | Reached ***** piety under Dithmenos
  9355 | D:7      | Found Ippeonk's Jewellery Emporium.
  9387 | D:7      | Bought a +2 amulet of reflection for 75 gold pieces
  9640 | D:8      | Noticed Erica
  9665 | D:8      | Killed Erica
  9800 | D:8      | Reached skill level 10 in Spellcasting
  9800 | D:8      | Reached skill level 10 in Air Magic
 10204 | D:8      | Noticed a centaur warrior
 10210 | D:8      | Killed a centaur warrior
 10210 | D:8      | Reached XP level 10. HP: 31/63 MP: 0/24
 10886 | D:9      | Noticed a two-headed ogre
 10898 | D:9      | Mangled by a two-headed ogre

Vault maps used:
D:1:      nicolae_arrival_memento_mori, minivault_11, serial_bayou_pond_c
D:2:      first_ration, st_stairs_14
D:3:      minmay_roachtagon, serial_undead, serial_undead_c, serial_undead_d,
          serial_undead_d, serial_undead_d, serial_undead_c, serial_undead_b,
          roderic_batcave, st_stairs_4
D:4:      black_bear_nest_2
D:5:      lemuel_round_altar, temple_statues, gup_sewer_entry_pipe,
          yredelemnul_altar_generic
D:6:      corexii_shack_village, overflow_temple_1_default
D:7:      serial_shops, shop, uniq_duvessa
D:8:      minivault_26, uniq_erica
D:9:      nicolae_tso_carved_into_rock, nicolae_overflow_hidden_temple,
          grunt_lair_entry_orc_guard_hut, grunt_pizzeria, uniq_erolcha
Temple:   dpeg_five_rooms_temple
Sewer:    sewer_minmay_treatment

Skill      XL: |  1  2  3  4  5  6  7  8  9 |
---------------+----------------------------+-----
Spellcasting   | 3 4 5 6 8 10 | 10.7
Air Magic      | 3 4 5 6 8 10 | 10.7
Dodging        | |  1.5
Stealth        | |  1.5
Conjurations   | |  0.7

Action                   |  1- 3 |  4- 6 |  7- 9 | 10-12 || total
-------------------------+-------+-------+-------+-------++-------
Melee: Unarmed           |     2 |     1 |       |       ||     3
       Hand axe          |       |     5 |    37 |       ||    42
       Scimitar          |       |       |     7 |       ||     7
 Fire: Blowgun           |       |    36 |       |       ||    36
 Cast: Shock             |    57 |   181 |   195 |    37 ||   470
       Airstrike         |       |     3 |    94 |    10 ||   107
       Swiftness         |       |       |     1 |       ||     1
  Use: Scroll            |       |     7 |     6 |       ||    13
Armor: Robe              |     9 |    23 |    34 |       ||    66
       Leather armour    |       |       |     8 |    10 ||    18
Dodge: Dodged            |    31 |    86 |    96 |    12 ||   225
       Rpst.: Scimitar   |       |       |     2 |     3 ||     5

Table legend:
 A = Non-vault XP
 B = Vault XP
 C = Vault XP percentage of total XP
 D = Non-vault monster count
 E = Vault monster count
 F = Vault count percentage of total count
                 A         B        C        D         E       F
            +---------+---------+-------+---------+---------+-------
      Total |    5772 |    1426 |  19.8 |     184 |      93 |  33.6
            +---------+---------+-------+---------+---------+-------
        D:1 |      41 |      42 |  50.6 |      21 |       1 |   4.5
        D:2 |      63 |       0 |   0.0 |      28 |       0 |   0.0
        D:3 |      30 |     196 |  86.7 |      13 |      25 |  65.8
        D:4 |     135 |       6 |   4.3 |      10 |       3 |  23.1
        D:5 |     165 |      17 |   9.3 |      20 |       7 |  25.9
        D:6 |    1357 |      13 |   0.9 |      31 |       6 |  16.2
        D:7 |    1104 |     174 |  13.6 |      27 |       2 |   6.9
        D:8 |    2619 |     828 |  24.0 |      29 |       1 |   3.3
        D:9 |     258 |       0 |   0.0 |       5 |       0 |   0.0
      Sewer |       0 |     150 | 100.0 |       0 |      48 | 100.0
            +---------+---------+-------+---------+---------+-------
